 Dungeon Crawl Stone Soup version 0.28.0-43-g3370ac3207 (webtiles) character file.

Game seed: 2810146382499498197

14 Arcadio the Shooter (level 2, -2/18 HPs)
             Began as a Kobold Hunter on Mar 3, 2022.
             Slain by a dart slug (3 damage)
             ... on level 1 of the Dungeon.
             The game lasted 00:00:47 (577 turns).

Arcadio the Shooter (Kobold Hunter)                  Turns: 577, Time: 00:00:47

Health: -2/18      AC:  3    Str:  9    XL:     2   Next: 55%
Magic:  2/2        EV: 14    Int: 12    God:
Gold:   1          SH:  0    Dex: 15    Spells: 1/1 levels left

rFire   . . .      SeeInvis .   b - +0 short sword
rCold   . . .      Faith    .   (no shield)
rNeg    . . .      Spirit   .   c - +0 leather armour
rPois   .          Reflect  .   (no helmet)
rElec   .          Harm     .   (no cloak)
rCorr   .          Rampage  .   (no gloves)
Will    .....                   (no boots)
Stlth   +++.......              (no amulet)
HPRegen 0.06/turn               (no ring)
MPRegen 0.08/turn               (no ring)

@: no status effects
A: small, no large weapons, nightstalker 3
a: no special abilities


You were on level 1 of the Dungeon.
You visited 1 branch of the dungeon, and saw 1 of its levels.

You collected 1 gold pieces.

Inventory:

Hand Weapons
 a - a +1 shortbow
 b - a +0 short sword (weapon)
Missiles
 d - 20 arrows
Armour
 c - a +0 leather armour (worn)
Potions
 e - a potion of resistance {unknown}
 f - a potion of degeneration {unknown}


   Skills:
 + Level 2.6 Fighting
 + Level 4.2 Bows
 + Level 2.9 Dodging
 - Level 1.3 Stealth


You had one spell level left.
You didn't know any spells.
Your spell library was empty.

Dungeon Overview and Level Annotations

Branches:
Dungeon (1/15)

Altars:


Innate Abilities, Weirdness & Mutations

You are small and have problems with some larger weapons.
You are completely attuned to the shadows.


Message History

Found 29 stones.
A quokka comes into view.
Found a leather armour.
The helpless quokka fails to defend itself.
You hit the quokka.
The quokka is heavily wounded.
The quokka closely misses you.
You hit the quokka.
The quokka is severely wounded.
The quokka barely misses you.
You hit the quokka.
You kill the quokka!
A ball python comes into view.
The helpless ball python fails to defend itself.
You hit the ball python.
You kill the ball python!
You see here a ball python corpse.
A gnoll comes into view. It is wielding a +0 whip.
The gnoll shouts!
You hear an angry hiss.
A dart slug comes into view.
You hit the plant.
The plant begins to die.
The plant is lightly damaged.
The gnoll hits you with a +0 whip.
You hit the plant but do no damage.
The plant is lightly damaged.
The gnoll hits you with a +0 whip.
A nearby plant withers and dies.
You hit the gnoll.
The gnoll is moderately wounded.
The gnoll hits you with a +0 whip!
* * * LOW HITPOINT WARNING * * *
You closely miss the gnoll.
The gnoll is moderately wounded.
The gnoll hits you but does no damage.
You hit the gnoll but do no damage.
The gnoll is moderately wounded.
The gnoll hits you with a +0 whip.
* * * LOW HITPOINT WARNING * * *
The dart slug bites you.
You die...

########## ####
..................# #...
P..P..##.........(### #...
.P....##............####...
....P..#............##.'...
.........g@.........##.#...
P.....##.w.............#...
PP.PP..#.†.....[...#...#..#
PPP....#...........#####..#
.......+............ ......
#...........# #.##.#
..#####. #..# #..# #...


You could see a gnoll and a dart slug.

Vanquished Creatures
  An endoplasm (D:1)
  A hobgoblin (D:1)
  2 quokkas (D:1)
  2 ball pythons (D:1)
  3 bats (D:1)
  3 frilled lizards (D:1)
  A goblin (D:1)
  A kobold (D:1)
  A rat (D:1)
15 creatures vanquished.

Vanquished Creatures (others)
  2 plants (D:1)
2 creatures vanquished.

Grand Total: 17 creatures vanquished

Notes
Turn   | Place    | Note
-------+----------+-------------------------------------------
     0 | D:1      | Arcadio the Kobold Hunter began the quest for the Orb.
     0 | D:1      | Reached XP level 1. HP: 12/12 MP: 1/1
    84 | D:1      | Reached XP level 2. HP: 15/18 MP: 2/2
   577 | D:1      | Slain by a dart slug

Illustrated notes

Levels and vault maps discovered:
D:1:      dpeg_arrival_tiny_f, layout_basic, nicolae_grassy_gnolls

Action                   || total
-------------------------++-------
Melee: Short sword       ||    44
 Stab: Sleeping          ||     7
Armor: Leather armour    ||    14
Dodge: Dodged            ||    28
